 Dungeon Crawl Stone Soup version 0.29-a0-334-gb41bcbb86e (webtiles) character file.

Game seed: 13031721410571289822

8 zeratav the Insei (level 2, -1/18 HPs)
             Began as an Octopode Transmuter on Apr 15, 2022.
             Slain by a gnoll
             ... wielding a +0 club
              (3 damage)
             ... on level 1 of the Dungeon.
             The game lasted 00:00:15 (45 turns).

zeratav the Insei (Octopode Transmuter)               Turns: 45, Time: 00:00:16

Health: -1/18      AC:  1    Str:  9    XL:     2   Next: 8%
Magic:  5/5        EV: 13    Int: 15    God:
Gold:   0          SH:  0    Dex: 12    Spells: 4/5 levels left

rFire   . . .      SeeInvis .     - Unarmed
rCold   . . .      Faith    .   (no shield)
rNeg    . . .      Spirit   .   (helmet restricted)
rPois   .          Reflect  .   (no amulet)
rElec   .          Harm     .   (no ring)
rCorr   .          Rampage  .   (no ring)
Will    .....                   (no ring)
Stlth   ++........              (no ring)
HPRegen 0.06/turn               (no ring)
MPRegen 0.09/turn               (no ring)
                                (no ring)
                                (no ring)

@: no status effects
A: almost no armour, amphibious, 8 rings, camouflage 1, gelatinous body 1,
(nimble swimmer 1), tentacles
a: no special abilities


You were on level 1 of the Dungeon.
You visited 1 branch of the dungeon, and saw 1 of its levels.


Innate Abilities, Weirdness & Mutations

You cannot wear most types of armour.
You are amphibious.
You can wear up to eight rings at the same time.
Your skin changes colour to match your surroundings (Stealth+).
Your rubbery body absorbs attacks. (AC +1, EV +1)
((You are camouflaged when in or above water. (Stealth+)))
You have tentacles for arms and can constrict up to eight enemies at once.


   Skills:
 + Level 1.2 Fighting
 + Level 2.1 Dodging
 + Level 0.9 Stealth
 * Level 3.2 Unarmed Combat
 - Level 2.0 Spellcasting
 - Level 2.0 Transmutations


You had 4 spell levels left.
You knew the following spells:

 Your Spells              Type           Power      Damage    Failure   Level
a - Beastly Appendage     Tmut           14%        N/A       10%         1

Your spell library contained the following spells:

 Spells                   Type           Power      Damage    Failure   Level
 Wereblood                Tmut           7%         N/A       14%         2
 Spider Form              Tmut/Pois      4%         N/A       41%         3
 Ice Form                 Ice/Tmut       4%         N/A       82%         4

Inventory:

Scrolls
 b - a scroll of enchant weapon {unknown}
 c - a scroll of teleportation {unknown}
Potions
 a - a potion of lignification {!q}

Dungeon Overview and Level Annotations

Branches:
Dungeon (1/15)

Altars:

#.... .. ###....#.# ##.
.......#.. r....
.........# ###.#
#................#.#(#.#
#...#............#.###[
##..#.#........†Jg.......
...#...#........@r#.###.#
###.....#####....g.......
...........#.........##...
#......)..#..#.......##...
#....<....#.....#.......#
...........#..#.......?.#
###.....#####...#.#.###.#
...#...#......#.#.#... #
##..#.#..######.#.########


You could see a gnoll, an endoplasm, a hobgoblin and a rat.


Message History

You tentacle-slap the bat.
You kill the bat!
Your transformation is almost over.
An endoplasm and a gnoll come into view.
A rat comes into view.
The gnoll shouts!
The goblin shouts!
The endoplasm quivers.
You hear a shout!
A hobgoblin comes into view.
A giant cockroach comes into view.
You closely miss the goblin.
The endoplasm quivers.
Your grab misses the goblin.
Your tentacle spike misses the goblin.
The goblin misses you. The dart slug launches a dart at you.
The slug dart misses you.
You tentacle-slap the goblin. You grab the goblin.
You pierce the goblin.
You kill the goblin!
You tentacle-slap the dart slug. You grab the dart slug.
You pierce the dart slug, but do no damage.
You squeeze the dart slug!
You constrict the dart slug, but do no damage.
The endoplasm freezes you.
You are frozen.
The dart slug closely misses you.
You tentacle-slap the dart slug.
You kill the dart slug!
The endoplasm hits you.
The endoplasm hits you but does no damage.
The giant cockroach barely misses you.
You are too injured to fight recklessly!
HP[-3] MP[+1]
You take 3 damage, and now have 9/13 hp.
MASSIVE DAMAGE!! (PAUSE)
Your mp is fully restored (3).
You are too injured to fight recklessly!
You are too injured to fight recklessly!
You are too injured to fight recklessly!
You are too injured to fight recklessly!
You are too injured to fight recklessly!
You are too injured to fight recklessly!
You are too injured to fight recklessly!
You are too injured to fight recklessly!
You are too injured to fight recklessly!
You are too injured to fight recklessly!
You are too injured to fight recklessly!
You are too injured to fight recklessly!
You are too injured to fight recklessly!
You are too injured to fight recklessly!
You are too injured to fight recklessly!
You are too injured to fight recklessly!
You are too injured to fight recklessly!
You are too injured to fight recklessly!
You are too injured to fight recklessly!
You are too injured to fight recklessly!
You tentacle-slap the endoplasm.
You kill the endoplasm!
The endoplasm barely misses you. The giant cockroach bites you.
You have reached level 2!
HP[+2] MP[+2]
You now have 18 max hp (+5).
You regained 2 hp, and now have 11/18 hp.
Your mp is fully restored (5).
You barely miss the giant cockroach. You grab the giant cockroach.
You pierce the giant cockroach, but do no damage.
Your tentacle spike disappears.
You constrict the giant cockroach, but do no damage.
The giant cockroach barely misses you. The hobgoblin misses you.
The endoplasm freezes you.
You are frozen.
* * * LOW HITPOINT WARNING * * *
HP[-3]
You take 3 damage, and now have 8/18 hp.
You tentacle-slap the giant cockroach but do no damage.
You constrict the giant cockroach, but do no damage.
The giant cockroach bites you.
* * * LOW HITPOINT WARNING * * *
The endoplasm hits you.
* * * LOW HITPOINT WARNING * * *
The hobgoblin closely misses you. The rat closely misses you.
The giant cockroach barely misses you.
HP[-3]
You take 3 damage, and now have 5/18 hp.
You tentacle-slap the giant cockroach but do no damage.
You constrict the giant cockroach. The endoplasm freezes you.
You are frozen.
* * * LOW HITPOINT WARNING * * *
The hobgoblin closely misses you. The rat bites you.
* * * LOW HITPOINT WARNING * * *
The giant cockroach barely misses you.
HP[-2]
You take 2 damage, and now have 3/18 hp.
You tentacle-slap the endoplasm but do no damage.
You constrict the giant cockroach.
You kill the giant cockroach!
The rat misses you. The hobgoblin barely misses you. The endoplasm hits you.
* * * LOW HITPOINT WARNING * * *
HP[-1]
You take 1 damage, and now have 2/18 hp.
You tentacle-slap the endoplasm. The gnoll hits you with a +0 club.
You die...

Action                   || total
-------------------------++-------
Melee: Unarmed           ||    13
       Constrict         ||     4
       Kick              ||     4
       Tentacles         ||     2
 Cast: Beastly Appendage ||     1
Armor: Skin              ||     1
Dodge: Dodged            ||    19

Levels and vault maps discovered:
D:1:      scummos_arrival_star, layout_basic,
          dreamdust_ecumenical_altar_hidden_monk_grotto, minmay_surrounded

Notes
Turn   | Place    | Note
-------+----------+-------------------------------------------
     0 | D:1      | zeratav the Octopode Transmuter began the quest for the
                  | Orb.
     0 | D:1      | Reached XP level 1. HP: 13/13 MP: 3/3
     0 | D:1      | magus.rc [v1.9.6]
    41 | D:1      | Reached XP level 2. HP: 11/18 MP: 5/5
    43 | D:1      | HP: 4/18 [frozen (1)]
    45 | D:1      | Slain by a gnoll

Vanquished Creatures
  A dart slug (D:1)
  A bat (D:1)
  An endoplasm (D:1)
  A giant cockroach (D:1)
  A goblin (D:1)
5 creatures vanquished.

Table legend:
 A = Non-vault XP
 B = Vault XP
 C = Vault XP percentage of total XP
 D = Non-vault monster count
 E = Vault monster count
 F = Vault count percentage of total count
                 A         B        C        D         E       F
            +---------+---------+-------+---------+---------+-------
      Total |       6 |       6 |  50.0 |       2 |       3 |  60.0
            +---------+---------+-------+---------+---------+-------
        D:1 |       6 |       6 |  50.0 |       2 |       3 |  60.0
            +---------+---------+-------+---------+---------+-------

Illustrated notes

Table legend:
 A = Kills in this place as a percentage of kills in entire the game.
 B = Kills by you in this place as a percentage of kills by you in the entire game.
 C = Kills by friends in this place as a percentage of kills by friends in the entire game.
 D = Other kills in this place as a percentage of other kills in the entire game.
 E = Experience gained in this place as a percentage of experience gained in the entire game.
 F = Experience gained in this place divided by the number of levels of this place that you have seen.
                   A       B       C       D       E      F
               +-------+-------+-------+-------+-------+----------------------
         Total | 100.0 | 100.0 |   N/A |   N/A | 100.0 |  12.0
       Dungeon | 100.0 | 100.0 |   N/A |   N/A | 100.0 |  12.0
               +-------+-------+-------+-------+-------+----------------------

Table legend: (Time is in decaauts)
 A = Elapsed time spent in this place.
 B = Non-inter-level travel time spent in this place.
 C = Inter-level travel time spent in this place.
 D = Time resting spent in this place.
 E = Time spent auto-exploring this place.
 F = Levels seen in this place.
 G = Mean time per level.
                   A        B        C        D        E       F      G
               +--------+--------+--------+--------+--------+-----+--------+
         Total |     44 |     44 |      0 |      0 |     21 |   1 |   44.0 |
       Dungeon |     44 |     44 |      0 |      0 |     21 |   1 |   44.0 |
               +--------+--------+--------+--------+--------+-----+--------+

Top non-repeatable levels by time:
     D:1: 44 daAuts
